 Dungeon Crawl Stone Soup version 0.28.0-53-g5a82cb258f (webtiles) character file.

Game seed: 10112283473576252748

44 SanguineChosen the Covered (level 3, -4/23 HPs)
             Began as a Gargoyle Fighter on July 19, 2022.
             Slain by Sigmund
             ... wielding a +0 scythe
              (5 damage)
             ... on level 2 of the Dungeon.
             The game lasted 00:02:39 (1413 turns).

SanguineChosen the Covered (Gargoyle Fighter)       Turns: 1413, Time: 00:02:40

Health: -4/23      AC: 11    Str: 21    XL:     3   Next: 62%
Magic:  3/3        EV:  9    Int:  8    God:
Gold:   140        SH:  0    Dex:  9    Spells: 2/2 levels left

rFire   . . .      SeeInvis .   a - +0 flail
rCold   . . .      Faith    .   c - +0 buckler
rNeg    + . .      Spirit   .   b - +0 scale mail
rPois   ∞          Reflect  .   (no helmet)
rElec   +          Harm     .   h - +0 cloak
rCorr   .          Rampage  .   (no gloves)
Will    .....                   (no boots)
Stlth   ..........              (no amulet)
HPRegen 0.07/turn               (no ring)
MPRegen 0.08/turn               (no ring)

@: confused
A: sickness immunity, AC +3, negative energy resistance 1, electricity
resistance, torment resistance 1, petrification resistance
a: no special abilities


You were on level 2 of the Dungeon.
You visited 1 branch of the dungeon, and saw 2 of its levels.

You collected 140 gold pieces.

Inventory:

Hand Weapons
 a - a +0 flail (weapon)
Armour
 b - a +0 scale mail (worn)
 c - a +0 buckler (worn)
 h - a +0 cloak (worn)
Jewellery
 f - a ring of wizardry
Scrolls
 i - a scroll of identify {unknown}
 j - a scroll of vulnerability {unknown}
Potions
 d - 2 potions of might
 e - a potion of degeneration {unknown}
 g - a potion of curing {unknown}


   Skills:
 + Level 3.6 Fighting
 + Level 2.6 Maces & Flails
 + Level 3.8 Armour
 + Level 0.1 Dodging
 + Level 3.7 Shields


You had 2 spell levels left.
You didn't know any spells.
Your spell library contained the following spells:

 Spells                   Type           Power      Damage    Failure   Level
 Call Canine Familiar     Summ           0%         N/A       99%         3
 Portal Projectile        Hex/Tloc       0%         N/A       99%         3
 Leda's Liquefaction      Hex/Erth       0%         N/A       100%        4


Dungeon Overview and Level Annotations

Branches:
Dungeon (2/15)

Altars:

Annotations:
D:2 Sigmund


Innate Abilities, Weirdness & Mutations

You are immune to sickness and miasma.
Your stone body is resilient. (AC +3)
You are immune to poison.
You resist negative energy. (rN+)
You are resistant to electric shocks. (rElec)
You are resistant to unholy torment.
You are immune to petrification.


Message History

The bat hits you but does no damage. The bat closely misses you.
The bat hits you. The bat barely misses you. The bat closely misses you.
The bat hits you but does no damage. The bat barely misses you.
Sigmund appears from thin air!
Reactivating autopickup.
The bat hits you but does no damage.
Sigmund gestures wildly while chanting.
Sigmund flickers and vanishes!
Deactivating autopickup; reactivate with Ctrl-A.
There is a stone staircase leading up here.
The bat closely misses you.
You climb upwards.
Reactivating autopickup.
There is a stone staircase leading down here.
You start resting.
HP restored.
You climb downwards.
Level annotation: Sigmund The bat misses you.
Sigmund hits you from afar with a +0 scythe!
There is a stone staircase leading up here.
The bat barely misses you. Sigmund casts a spell at you.
The puff of flame hits you!
You barely miss Sigmund. You block the bat's attack.
Sigmund hits you with a +0 scythe.
* * * LOW HITPOINT WARNING * * *
You block the bat's attack. The bat barely misses you.
There is a stone staircase leading up here.
The bat closely misses you. Sigmund gestures at you while chanting.
You are confused.
In your confused state, you trip and fall back down the stairs.
* * * LOW HITPOINT WARNING * * *
Sigmund hits you but does no damage. The bat closely misses you.
The bat closely misses you.
Sigmund hits you from afar with a +0 scythe.
You die...

#...........#.###..#####.........
#...........#......##......##...#
#...........#.###...#......##.#..
#..[..<.......###.#.#.........#..
....#########...#........######.#
...(..# ##............####..#
......# ###..................##
......#####......##...###.>..####
..............@b@.#...# #........
................#.....###..##....
#.....###.......#.....##.......##
###...# #.................######
#...# #........###......# #####
#.......## #....### #.......#
#....# #.......# ###### #.......#


You could see Sigmund and a bat.

Vanquished Creatures
  2 dart slugs (D:1)
  4 bats
  2 endoplasms
  A giant cockroach (D:1)
  A goblin (D:1)
  6 hobgoblins (D:1)
  8 jackals
  2 quokkas
  2 ball pythons
  4 frilled lizards
  A kobold (D:1)
  3 rats (D:1)
36 creatures vanquished.

Notes
Turn   | Place    | Note
-------+----------+-------------------------------------------
     0 | D:1      | SanguineChosen the Gargoyle Fighter began the quest for the
                  | Orb.
     0 | D:1      | Reached XP level 1. HP: 14/14 MP: 1/1
   152 | D:1      | Reached XP level 2. HP: 18/19 MP: 2/2
   355 | D:1      | Reached XP level 3. HP: 7/23 MP: 3/3
  1221 | D:2      | Noticed Sigmund
  1412 | D:2      | HP: 1/23 [fell downstairs (1)]
  1413 | D:2      | Slain by Sigmund

Illustrated notes

Levels and vault maps discovered:
D:1:      co_arrival_square_in_a_square_in_a_square, layout_rooms
D:2:      layout_rooms, serial_shops, nicolae_lakefront_shop,
          dreamdust_ecumenical_altar_angels_and_demons, uniq_sigmund

Action                   || total
-------------------------++-------
Melee: Flail             ||   110
Armor: Scale mail        ||    99
Dodge: Dodged            ||    83
Block: Buckler           ||    40
